 Dungeon Crawl Stone Soup version 0.20.1-1-g8b1a95d (webtiles) character file.

1174 raph the Spear-Bearer (level 8, -1/61 HPs)
             Began as a Merfolk Gladiator on Dec 21, 2017.
             Was a Follower of Kikubaaqudgha.
             Slain by a two-headed ogre
             ... wielding a +0 giant club
              (17 damage)
             ... on level 6 of the Dungeon.
             The game lasted 00:13:41 (6166 turns).

raph the Spear-Bearer (Merfolk Gladiator)           Turns: 6166, Time: 00:13:42

Health: -1/61      AC:  5    Str: 19    XL:     8   Next: 41%
Magic:  8/12       EV: 16    Int:  8    God:    Kikubaaqudgha [*.....]
Gold:   388        SH:  0    Dex: 17    Spells: 8/12 levels left

rFire    . . .     SeeInvis .   a - +2 trident
rCold    . . .     Gourm    .   (no shield)
rNeg     . . .     Faith    .   b - +0 leather armour
rPois    .         Spirit   .   c - +0 helmet
rElec    .         Reflect  .   (no cloak)
rCorr    .         Harm     .   (no gloves)
MR       .....                  e - +0 pair of boots (curse)
Stlth    +.........             (no amulet)
Regen    0.2/turn               l - ring of wizardry
MPRegen  0.2/turn               t - +5 ring of strength

@: no status effects
A: change form in water, swift swim, stealthy swim
a: Receive Corpses, Renounce Religion


You were on level 6 of the Dungeon.
You worshipped Kikubaaqudgha.
Kikubaaqudgha was aware of your devotion.
You were not hungry.

You visited 1 branch of the dungeon, and saw 6 of its levels.

You collected 388 gold pieces.

Inventory:

Hand Weapons
 a - a +2 trident (weapon)
Missiles
 d - 5 throwing nets (quivered)
 h - 105 stones
Armour
 b - a +0 leather armour (worn)
 c - a +0 helmet (worn)
 e - a cursed +0 pair of boots (worn)
Jewellery
 l - a ring of wizardry (left hand)
 o - an uncursed ring of resist corrosion
 q - an uncursed ring of stealth
 s - a +1 ring of evasion
 t - a +5 ring of strength (right hand)
Wands
 x - a wand of flame (18/48)
Scrolls
 i - a scroll of identify
 k - a scroll of remove curse
 v - a scroll of holy word {unknown}
Potions
 g - a potion of cancellation
 j - 5 potions of curing
 r - a potion of lignification {unknown}
 w - 2 potions of ambrosia
Books
 p - a book of Clouds

   Spells                             Type                      Level
   a - Poisonous Vapours              Poison/Air                   2
   b - Mephitic Cloud                 Conjuration/Poison/Air       3
   c - Conjure Flame                  Conjuration/Fire             3
   d - Freezing Cloud                 Conjuration/Ice/Air          6
   e - Ring of Flames                 Charms/Fire                  7
 u - Kikubaaqudgha's Papyrus of Unholy Arts
   (Kikubaaqudgha gifted it to you on level 4 of the Dungeon)

   Spells                             Type                      Level
   a - Pain                           Necromancy                   1
   b - Corpse Rot                     Necromancy                   2
   c - Sublimation of Blood           Necromancy                   2
   d - Regeneration                   Charms/Necromancy            3
   e - Control Undead                 Necromancy                   4
Comestibles
 f - 5 bread rations
 m - a royal jelly
 z - 2 meat rations


   Skills:
 + Level 4.4 Fighting
 * Level 8.7 Polearms
 - Level 3.5 Throwing
 + Level 1.0 Armour
 + Level 6.2 Dodging
 + Level 2.6 Spellcasting
 + Level 2.6 Charms
 + Level 2.3 Necromancy


You had 8 spell levels left.
You knew the following spells:

 Your Spells              Type           Power        Failure   Level  Hunger
a - Pain                  Necr           #...         6%          1    ##.....
b - Regeneration          Chrm/Necr      #.........   16%         3    ####...


Dungeon Overview and Level Annotations

Branches:
Dungeon (6/15)             Temple (0/1) D:5

Altars:
Kikubaaqudgha
Nemelex Xobeh
Qazlal
Ru
Trog
The Shining One

Shops:
D:5 (   D:6 :

Annotations:
D:3 buskinjo's ghost, amateur OpFi
D:4 Sigmund


Message History

The two-headed ogre hits you with a giant club!!
The two-headed ogre hits you with a giant club!
You puncture the two-headed ogre!
The two-headed ogre is almost dead.
Casting: Pain
Confirm with . or Enter, or press ? or * to list all spells.
Your skin crawls.
The two-headed ogre closely misses you. x2
Your skin is crawling a little less now.
Your skin stops crawling.
You completely miss the two-headed ogre.
The two-headed ogre is severely wounded.
The two-headed ogre hits you with a giant club!
* * * LOW HITPOINT WARNING * * *
The two-headed ogre completely misses you.
You hit the two-headed ogre.
The two-headed ogre is severely wounded.
The two-headed ogre barely misses you.
The two-headed ogre hits you with a giant club!
You die...
Kikubaaqudgha rasps: "You have failed me!
Welcome... death!"

### #####.# #.....# #.###.#
#.#<#.# #.#.#.# #...#.#
#######.#########################
...............O@......>..)......
.################################
.. # .## # .. # .. # .. # ..# # #


You could see a two-headed ogre.

Vanquished Creatures
  Prince Ribbit (D:6)
  A sky beast (D:6)
  A centaur (D:5)
  3 ogres (D:5)
  Blork the orc (D:6)
  Dowan (D:6)
  A centaur skeleton (D:6)
  An orc wizard (D:5)
  An orc priest (D:5)
  2 hounds
  2 iguanas
  A hound skeleton (D:6)
  A worker ant zombie (D:6)
  3 gnolls (D:3)
  8 adders
  A shadow imp (D:5)
  An adder skeleton (D:6)
  5 worms
  3 dart slugs
  A leopard gecko (D:2)
  18 orcs
  4 bats
  2 giant cockroaches
  5 goblins
  4 hobgoblins
  2 jackals (D:2)
  9 kobolds
  A ball python (D:2)
  5 frilled lizards
  A quokka skeleton (D:5)
  9 rats
99 creatures vanquished.

Notes
Turn   | Place    | Note
-------+----------+-------------------------------------------
     0 | D:1      | raph the Merfolk Gladiator began the quest for the Orb.
     0 | D:1      | Reached XP level 1. HP: 16/16 MP: 1/1
    71 | D:1      | Reached XP level 2. HP: 22/23 MP: 2/2
   421 | D:2      | Noticed a moth of wrath
   423 | D:2      | Found a bloodstained altar of Trog.
   660 | D:2      | Reached skill level 5 in Polearms
   661 | D:2      | Reached XP level 3. HP: 28/28 MP: 3/3
   886 | D:2      | Found an ancient bone altar of Kikubaaqudgha.
   894 | D:2      | Became a worshipper of Kikubaaqudgha
  1074 | D:2      | Reached XP level 4. HP: 28/34 MP: 4/4
  1575 | D:2      | Found a glowing golden altar of the Shining One.
  1852 | D:3      | Reached skill level 1 in Spellcasting
  1868 | D:3      | Reached skill level 5 in Dodging
  1959 | D:3      | Reached XP level 5. HP: 40/40 MP: 6/6
  1977 | D:3      | Reached skill level 6 in Polearms
  2114 | D:3      | Noticed buskinjo's ghost (amateur OpFi)
  2316 | D:4      | Noticed Sigmund
  2472 | D:4      | Found a sacrificial altar of Ru.
  2757 | D:4      | Found a stormy altar of Qazlal.
  3097 | D:4      | Reached * piety under Kikubaaqudgha
  3097 | D:4      | Identified Kikubaaqudgha's Papyrus of Unholy Arts (Kikubaaqudgha gifted it to you on level 4 of the Dungeon)
  3097 | D:4      | Received a gift from Kikubaaqudgha
  3107 | D:4      | Learned a level 1 spell: Pain
  3111 | D:4      | Learned a level 3 spell: Regeneration
  3232 | D:5      | Entered Level 5 of the Dungeon
  3244 | D:5      | Noticed an ogre
  3257 | D:5      | Killed an ogre
  3257 | D:5      | Reached skill level 1 in Necromancy
  3257 | D:5      | Reached XP level 6. HP: 12/47 MP: 6/8
  3421 | D:5      | Found a sparkling altar of Nemelex Xobeh.
  3498 | D:5      | Reached skill level 1 in Charms
  3670 | D:5      | Found Yrepp's Weapon Shop.
  3734 | D:5      | Reached skill level 7 in Polearms
  3960 | D:5      | Reached XP level 7. HP: 41/52 MP: 9/9
  4755 | D:5      | Found a staircase to the Ecumenical Temple.
  5194 | D:6      | Noticed Prince Ribbit
  5209 | D:6      | Killed Prince Ribbit
  5209 | D:6      | Reached skill level 8 in Polearms
  5397 | D:6      | Found Aplus's Book Shoppe.
  5453 | D:6      | Reached XP level 8. HP: 54/60 MP: 11/11
  5700 | D:6      | Noticed Dowan
  5757 | D:6      | Killed Dowan
  5879 | D:6      | Reached skill level 1 in Armour
  5999 | D:6      | Noticed Blork the orc
  6012 | D:6      | Killed Blork the orc
  6138 | D:6      | Noticed a two-headed ogre
  6166 | D:6      | Slain by a two-headed ogre

Skill      XL: |  1  2  3  4  5  6  7  8 |
---------------+-------------------------+-----
Polearms       | 5 6 7 8 |  8.7
Spellcasting   | 1 2 |  2.6
Dodging        | 5 6 |  6.2
Fighting       | 3 4 |  4.4
Necromancy     | 1 2 |  2.3
Throwing       | 3 |  3.5
Charms         | 1 2 |  2.6
Armour         | 1 |  1.0

Action                   |  1- 3 |  4- 6 |  7- 9 || total
-------------------------+-------+-------+-------++-------
Melee: Trident           |    93 |   187 |   120 ||   400
 Cast: Pain              |       |       |    35 ||    35
       Regeneration      |       |       |     2 ||     2
  Use: Potion            |       |     1 |       ||     1
       Scroll            |       |       |    13 ||    13
 Stab: Sleeping          |     1 |     5 |     2 ||     8
  Eat: Chunk             |       |    10 |     8 ||    18
Armor: Leather armour    |    13 |    26 |    14 ||    53
Dodge: Dodged            |    55 |    74 |    76 ||   205
